Map: Daybreak LE (Void)

Players

LegenDary

  • Race: Terran Terran
  • League: Diamond
  • Spawn Location: 7:00

Musumeci - Winner!

  • Race: Zerg Zerg
  • League: Diamond
  • Spawn Location: 1:00

VOD

Have the link to the VOD?

Description

Time

  • Played on: Jan. 6, 2017, 8:43 a.m.
  • Length: 18:07
Show
View Real Time Build Order
Export as new Build Order

LegenDary Terran 

Build Orders: MMM Bio 

Get SALT Encoding   

  12  0:01  SCV  
  13  0:16  SCV  
  14  0:28  Supply Depot  
  14  0:30  SCV  
  15  0:49  SCV  
  16  0:53  Barracks  
  16  1:02  SCV  
  17  1:05  Refinery  
  17  1:14  SCV  
  18  1:26  SCV  
  19  1:38  SCV  
  20  1:48  Reaper  
  20  1:50  SCV  
  22  1:57  Refinery  
  22  2:02  SCV  
  23  2:12  Command Center  
  23  2:18  Orbital Command  
  23  2:35  Factory  
  23  2:37  Barracks Reactor  
  23  2:45  Supply Depot  
  23  3:07  SCV  
  24  3:19  Starport, SCV  
  25  3:20  Marine x2  
  25  3:27  Orbital Command  
  27  3:31  SCV  
  27  3:32  Factory Reactor  
  28  3:38  Marine x2  
  30  3:41  Orbital Command  
  30  3:44  SCV  
  30  3:55  Marine  
  30  3:56  SCV, Marine  
  33  4:08  SCV  
  34  4:13  Marine  
  34  4:14  SCV  
  36  4:20  SCV  
  36  4:21  Supply Depot  
  36  4:23  Marine  
  38  4:26  SCV  
  39  4:31  Marine  
  39  4:32  SCV  
  39  4:36  Barracks  
  39  4:38  SCV  
  42  4:41  Factory Tech Lab, Marine  
  42  4:44  SCV  
  44  4:49  Marine, Supply Depot  
  44  4:50  SCV  
  46  4:56  SCV, Medivac x2  
  46  4:59  Marine  
  52  5:02  SCV  
  52  5:07  Marine, Supply Depot  
  53  5:10  SCV  
  53  5:12  Supply Depot  
  55  5:14  SCV  
  55  5:15  Engineering Bay  
  56  5:22  SCV  
  56  5:26  SCV  
  58  5:34  SCV  
  59  5:38  SCV  
  59  5:39  Marine x2  
  62  5:47  SCV  
  63  5:50  Refinery, Barracks  
  63  5:51  Barracks  
  63  5:52  Barracks  
  63  5:57  Marine x2  
  63  5:59  Engineering Bay  
  63  6:00  Marine  
  66  6:06  Stimpack  
  66  6:14  Marine  
  66  6:15  Marine  
  66  6:18  Marine  
  69  6:29  Command Center  
  69  6:32  Marine x2  
  69  6:36  Marine  
  61  6:50  Marine x2  
  61  6:54  Marine  
  59  7:00  Terran Infantry Armor Level 1  
  59  7:01  Terran Infantry Weapons Level 1  
  58  7:03  Barracks Reactor x2  
  58  7:05  Marine  
  58  7:08  Marine x2  
  59  7:11  Marine  
  62  7:16  Medivac x2  
  66  7:23  Marine  
  66  7:26  Marine x2  
  66  7:29  Marine  
  70  7:34  Missile Turret  
  70  7:39  Missile Turret  
  70  7:40  Missile Turret  
  70  7:44  Marine x4  
  72  7:45  Marine  
  72  7:46  Medivac x2  
  72  7:47  Orbital Command, Marine  
  80  8:01  Marine x2  
  80  8:02  Barracks Reactor  
  80  8:05  Marine  
  83  8:16  Medivac x2  
  83  8:19  Marine x6  
  93  8:31  Marine  
  94  8:37  Marine x2, Supply Depot  
  94  8:38  Supply Depot x2  
  96  8:43  Orbital Command  
  96  8:46  Medivac x2  
  100  8:52  Marine  
  101  8:58  Marine x8  
  109  9:02  Supply Depot  
  109  9:03  Supply Depot  
  109  9:06  Supply Depot  
  109  9:10  Marine  
  109  9:16  Marine x8, Medivac  
  120  9:28  Marine  
  121  9:34  Marine x8  
  129  9:40  Barracks  
  129  9:41  Barracks  
  129  9:45  Marine  
  129  9:48  Barracks  
  129  9:52  Marine x3  
  133  10:00  Marine x5  
  133  10:03  Marine  
  139  10:09  Marine x3  
  142  10:17  Marine x2  
  142  10:18  Marine x3  
  147  10:21  Marine  
  147  10:27  Marine  
  149  10:32  Barracks Reactor  
  149  10:36  Combat Shields  
  149  10:46  Armory  
  149  10:48  Barracks Reactor, Marine x8  
  149  10:49  Marine  
  158  10:52  Marine  
  159  11:06  Marine x9  
  159  11:10  Marine  
  164  11:23  Marine x6  
  150  11:35  Orbital Command  
  150  11:37  Marine x2  
  150  11:38  Marine x6  
  129  11:41  Marine x3  
  112  11:54  Marine x2  
  112  11:55  Marine x4  
  112  12:00  Marine x5  
  118  12:13  Marine x4  
  118  12:14  Marine  
  112  12:24  Marine x7  
  112  12:28  Medivac x2  
  119  12:47  Terran Infantry Weapons Level 2, Terran Infantry Armor Level 2  
  119  12:52  Marine x7  
  119  12:58  Medivac x2  
  130  13:16  Marauder  
  130  13:17  Marine x3  
  130  13:18  Marine x2  
  137  13:28  Medivac x2  
  137  13:32  Marine  
  137  13:33  Marine x7  
  149  13:38  Marauder  
  151  13:41  Command Center  
  151  13:58  Medivac x2  
  151  13:59  Marauder  
  112  14:20  Marauder  
  114  14:36  Marine x5  
  114  14:37  Marine x4, Medivac  
  114  14:38  Medivac  
  127  14:42  Marauder  
  129  14:46  SCV x3  
  131  14:58  SCV x3  
  133  15:07  Medivac  
  133  15:08  Medivac  
  133  15:10  Orbital Command, SCV x2  
  133  15:12  SCV  
  138  15:22  SCV  
  138  15:23  SCV  
  138  15:25  SCV  
  140  15:47  Missile Turret  
  140  15:53  Orbital Command  
  139  16:17  Marine x5  
  141  16:38  Marine x5  
  146  17:07  Missile Turret  
  145  17:13  Missile Turret  
  145  17:17  Marine x7  
  145  17:18  Marine  
  145  17:21  SCV x4  
Show
View Real Time Build Order
Export as new Build Order

Musumeci Zerg - Winner!

Build Orders: Hatch First 

Get SALT Encoding   

  12  0:01  Drone  
  13  0:08  Drone  
  14  0:18  Drone, Extractor  
  15  0:40  Hatchery  
  14  0:44  Extractor  
  14  0:45  Drone  
  15  1:02  Spawning Pool  
  14  1:13  Extractor x2  
  14  1:17  Drone x2  
  16  1:20  Overlord  
  16  1:38  Drone  
  16  1:39  Drone  
  18  1:49  Queen  
  18  1:51  Queen  
  22  1:55  Drone  
  23  2:02  Drone x2  
  25  2:09  Overlord  
  25  2:12  Drone  
  26  2:17  Drone  
  27  2:26  Drone  
  28  2:30  Queen  
  28  2:35  Queen  
  31  2:39  Drone  
  31  2:42  Overlord  
  32  2:51  Drone  
  32  2:52  Drone x2  
  32  2:54  Drone  
  32  2:57  Overlord  
  36  3:07  Drone x4  
  40  3:15  Drone x4  
  44  3:33  Hatchery  
  43  3:47  Extractor  
  42  3:49  Extractor  
  42  3:50  Roach Warren  
  40  4:00  Drone x3  
  40  4:01  Drone x3  
  46  4:18  Evolution Chamber  
  46  4:20  Evolution Chamber  
  44  4:31  Spore Crawler  
  43  4:33  Overlord  
  43  4:34  Spore Crawler  
  43  4:35  Overlord, Spore Crawler  
  43  4:36  Spore Crawler  
  43  4:37  Roach x4  
  48  4:38  Overlord  
  48  4:59  Lair  
  48  5:00  Drone  
  48  5:01  Drone  
  48  5:04  Roach x2  
  54  5:19  Roach x2  
  54  5:20  Roach  
  60  5:21  Drone  
  60  5:22  Extractor  
  60  5:23  Drone x3  
  60  5:26  Extractor  
  60  5:27  Drone x5  
  67  5:29  Drone x2  
  67  5:30  Drone  
  70  5:50  Roach  
  70  5:51  Roach x5  
  82  6:02  Glial Reconstitution  
  82  6:18  Overlord x2  
  82  6:19  Overlord x3  
  74  6:51  Drone x4  
  74  6:52  Drone x2  
  74  6:54  Drone x3  
  81  7:01  Zerg Missile Weapons Level 1  
  81  7:02  Zerg Ground Armor Level 1  
  81  7:17  Roach x2  
  81  7:18  Drone x6  
  91  7:25  Zergling x2  
  91  7:28  Zergling x2  
  93  7:36  Spore Crawler  
  92  7:41  Roach x11  
  114  7:53  Drone, Extractor  
  114  7:54  Extractor, Overlord  
  114  7:55  Overlord x2  
  113  8:14  Drone  
  113  8:15  Drone  
  113  8:16  Drone x9  
  124  8:26  Ravager  
  125  8:27  Ravager x5  
  130  8:34  Hatchery  
  129  8:45  Overlord  
  129  8:46  Overlord x7  
  129  8:49  Tunneling Claws  
  129  8:51  Burrow  
  129  8:53  Ravager  
  130  9:12  Ravager x5  
  130  9:13  Roach x13  
  161  9:51  Zerg Missile Weapons Level 2, Zerg Ground Armor Level 2  
  163  9:52  Roach  
  163  9:53  Roach x13  
  163  9:57  Overlord  
  189  10:30  Extractor x2  
  187  10:37  Drone  
  187  10:38  Drone x8  
  187  10:39  Drone x3  
  187  10:40  Drone  
  187  10:41  Overlord  
  187  10:42  Overlord x3  
  200  10:43  Roach  
  200  10:44  Roach  
  200  10:45  Roach x5  
  198  11:17  Ravager x6  
  198  11:18  Roach x3  
  196  11:30  Roach x3  
  191  11:34  Roach x3  
  190  11:41  Roach x3  
  190  11:48  Roach x3  
  186  12:10  Roach x3  
  185  12:26  Hatchery  
  178  12:53  Infestation Pit, Drone  
  178  13:02  Drone x2  
  178  13:03  Drone x2  
  182  13:06  Ravager x9  
  182  13:07  Ravager x9  
  200  13:35  Roach x3  
  200  13:37  Roach x2  
  200  13:38  Roach x2  
  200  13:39  Roach  
  152  14:11  Roach x9  
  152  14:12  Roach x8  
  152  14:14  Roach x4  
  186  14:24  Roach x2  
  182  14:40  Roach x2  
  182  14:46  Ravager x2  
  182  14:47  Ravager x11  
  195  15:17  Roach x2  
  191  15:24  Roach  
  191  15:25  Roach x2  
  191  15:37  Roach x2  
  187  15:48  Roach x5  
  187  16:02  Roach x6  
  189  16:21  Roach x2  
  189  16:22  Roach x3  
  199  16:31  Roach x2  
  199  16:41  Roach x4  
  191  17:18  Hatchery  
  191  17:19  Extractor  
  189  17:23  Extractor  
  188  17:31  Ravager x5  
  188  17:32  Roach  
Tags
 
Composition
MMM Bio
Matchup
TvZ
Replay Pack
replay pack
Spawn Locations
Cross Positions
Add a new tag
Caveats
  • Supply blocks, unpowered buildings, or Contaminate may cause inaccurate times.
  • Supply counts are checked every 10 seconds.